AoeStats
← unsinkable sam

Glade

510859128Analyzed
1v1 RM · 9h ago on Oct 2, 2026· 45m 15s· 2 players
Game mode
Random Map
Map size
Tiny (2 player)
Population
200
Speed
Normal
Resources
Standard
Victory
Conquest
Starting age
Dark Age
Ending age
Imperial Age
RankedLock teamsTeams togetherTeam positionsShared explorationLock speedFull tech treeHidden civsTurbo modeCheats
Victory
Defeat
🇺🇸 Bulgarians · United States
919
+15
🇫🇷 Franks · France
890
-15
skientific
8:47 Loom
11:13 Feudal Age
11:47 Double-Bit Axe
20:24 Castle Age
18:41 Scale Barding Armor
19:24 Forging
19:17 Scale Mail Armor
20:06 Gold Mining
20:07 Stone Mining
21:01 Pikeman
23:29 Wheelbarrow
22:43 Town Watch
23:14 Bow Saw
23:41 Chain Mail Armor
24:22 Husbandry
26:34 Squires
27:12 Arson
29:50 Chain Barding Armor
30:18 Fletching
31:01 Hand Cart
31:16 Bodkin Arrow
33:10 Gold Shaft Mining
40:29 Imperial Age
39:11 Iron Casting
42:02 Conscription
44:20 Cavalier
unsinkable sam
6:41 Loom
9:49 Feudal Age
10:17 Double-Bit Axe
11:24 Horse Collar
17:54 Castle Age
18:10 Wheelbarrow
18:52 Scale Barding Armor
18:57 Forging
20:09 Bow Saw
24:44 Heavy Plow
26:01 Gold Mining
26:02 Stone Mining
27:29 Scale Mail Armor
28:04 Iron Casting
27:18 Gambesons
27:33 Squires
27:19 Arson
29:55 Chain Mail Armor
30:37 Masonry
31:53 Fletching
32:35 Town Watch
33:21 Bodkin Arrow
33:37 Masonry
34:20 Ballistics
33:59 Murder Holes
34:15 Masonry
34:37 Pikeman
35:50 Town Patrol
36:40 Hand Cart
36:26 Town Patrol
40:00 Imperial Age
37:33 Town Patrol
37:56 Padded Archer Armor
39:36 Thumb Ring
40:37 Leather Archer Armor
40:51 Bracer
41:22 Plate Mail Armor
41:52 Blast Furnace
41:15 Chain Barding Armor
40:32 Heavy Cavalry Archer
43:14 Chemistry
42:45 Architecture
43:10 Parthian Tactics
43:29 Gold Shaft Mining
43:27 Crop Rotation
45:08 Halberdier
46:26 Plate Barding Armor
Connection lost

Rejoining the realm…

Still unreachable

The connection could not be restored.

Session expired

The server has moved on; the page needs a fresh start.